 Dungeon Crawl Stone Soup version 0.30.0-5-g1a98f26d00 (webtiles) character file.

Game seed: 3634989331883006501

44 ChrisAssaf the Chiller (level 3, 0/22 HPs)
             Began as a Gargoyle Ice Elementalist on May 12, 2023.
             Slain by Sigmund
             ... wielding a +0 scythe
              (7 damage)
             ... on level 3 of the Dungeon.
             The game lasted 00:04:08 (985 turns).

ChrisAssaf the Chiller (Gargoyle Ice Elementalist)   Turns: 985, Time: 00:04:09

Health: 0/22       AC:  5    Str: 11    XL:     3   Next: 60%
Magic:  0/6        EV: 11    Int: 17    God:
Gold:   74         SH:  0    Dex:  8    Spells: 2/6 levels left

rFire   . . .        h - +2 dagger (drain)
rCold   . . .        (no shield)
rNeg    + . .        a - +0 robe
rPois   ∞            (no helmet)
rElec   +            (no cloak)
rCorr   .            (no gloves)
SInv    .            (no boots)
Will    .....        (no amulet)
Stlth   ++           (no ring)
HPRegen 0.23/turn    (no ring)
MPRegen 0.10/turn

%: no passive effects
@: attractive
A: sickness immunity, AC +3, negative energy resistance 1, electricity
resistance, torment resistance 1, petrification resistance, clumsy 1, robust 1
a: no special abilities


You were on level 3 of the Dungeon.
You visited 1 branch of the dungeon, and saw 3 of its levels.

You collected 74 gold pieces.

Inventory:

Hand Weapons
 d - a +0 rapier
 h - a +2 dagger of draining (weapon)
Armour
 a - a +0 robe (worn)
Scrolls
 c - 2 scrolls of teleportation
 f - a scroll of magic mapping
 g - a scroll of enchant armour {unknown}


   Skills:
 * Level 0.6 Fighting
 * Level 0.1 Short Blades
 * Level 0.4 Armour
 * Level 1.9 Dodging
 * Level 2.4 Stealth
 * Level 2.3 Spellcasting
 * Level 4.4 Ice Magic


You had 2 spell levels left.
You knew the following spells:

 Your Spells              Type           Power      Damage    Failure   Level
a - Freeze                Ice            68%        1d8       3%          1
b - Frozen Ramparts       Ice            34%        1d6       9%          3

Your spell library contained the following spells:

 Spells                   Type           Power      Damage    Failure   Level
 Lesser Beckoning         Tloc           4%         N/A       28%         2
 Ozocubu's Armour         Ice            17%        N/A       9%          3
 Gell's Gravitas          Tloc           2%         N/A       50%         3
 Teleport Other           Tloc           2%         N/A       50%         3
 Summon Ice Beast         Ice/Summ       9%         N/A       58%         4


Dungeon Overview and Level Annotations

Branches:
Dungeon (3/15)

Altars:

Annotations:
D:3 Sigmund


Innate Abilities, Weirdness & Mutations

You are immune to sickness and miasma.
Your stone body is resilient. (AC +3)
You are immune to poison.
You resist negative energy. (rN+)
You are resistant to electric shocks. (rElec)
You are resistant to unholy torment.
You are immune to petrification.
You are clumsy. (Dex -2)
You are robust. (+10% HP)


Message History

Casting: Frozen Ramparts (quite dangerous; 9% risk of failure)
Press: ? - help, Dir - look around, f - activate The walls around you are covered in ice.
Unknown command.
It was a potion of mutation.
You feel extremely strange.
You feel the urge to shout.
Your urge to shout disappears.
You feel clumsy.
You feel robust.
The wall freezes Sigmund.
Sigmund hits you but does no damage.
It was a potion of attraction.
You feel attractive to monsters.
The wall freezes Sigmund.
Sigmund hits you but does no damage.
You barely miss Sigmund.
Sigmund is lightly wounded.
You barely miss Sigmund.
Sigmund is lightly wounded.
The wall freezes Sigmund.
Sigmund hits you with a +0 scythe.
* * * LOW HITPOINT WARNING * * *
Unknown command.
Aiming: Freeze (safe; 3% risk of failure)
Press: ? - help, Q - select action Shift-Dir - straight line, f - Sigmund
Aim: Sigmund, wielding a +0 scythe and wearing a +0 robe (lightly wounded)
You freeze Sigmund.
Sigmund is moderately wounded.
The wall freezes Sigmund.
Sigmund misses you.
Aiming: Freeze (safe; 3% risk of failure)
Press: ? - help, Q - select action Shift-Dir - straight line, f/p - Sigmund
Aim: Sigmund, wielding a +0 scythe and wearing a +0 robe (moderately wounded)
You freeze Sigmund.
Sigmund is heavily wounded.
Unknown command.
Aiming: Freeze (safe; 3% risk of failure)
Press: ? - help, Q - select action Shift-Dir - straight line, f/p - Sigmund
Aim: Sigmund, wielding a +0 scythe and wearing a +0 robe (heavily wounded)
You freeze Sigmund!
Sigmund is severely wounded.
The wall freezes Sigmund.
Sigmund hits you but does no damage.
You closely miss Sigmund.
Sigmund is almost dead.
The frozen ramparts melt away.
Sigmund hits you with a +0 scythe!
You die...

....#.#.# #.#... ###.#.#.# #.#
##.. ........# #[# ..
..#.#.#######.####...
..#.#...............#
..#.#.#######.#######
..#.#................ ..
#(#.#.#######.###########.#####.#
....#.###.###..@@................
#.#............#########.######..
.†......#.###..######## #...
#)#####.... ##........# ##.#.
..#.. ..#.. ##........# .....
###.# #.#....'........# #.. #.#
#.###..#........# ##.#..
###.###.......######### #..#..
........#.##..# ########.##..


You could see Sigmund.

Vanquished Creatures
  2 adders (D:2)
  An orc (D:3)
  4 ball pythons (D:3)
  2 goblins (D:3)
  A hobgoblin (D:1)
  3 jackals (D:2)
  3 quokkas
  5 bats
  A frilled lizard (D:3)
  2 rats
24 creatures vanquished.

Notes
Turn   | Place    | Note
-------+----------+-------------------------------------------
     0 | D:1      | ChrisAssaf the Gargoyle Ice Elementalist began the quest
                  | for the Orb.
     0 | D:1      | Reached XP level 1. HP: 10/10 MP: 3/3
   231 | D:2      | Reached XP level 2. HP: 9/15 MP: 1/5
   459 | D:2      | Reached XP level 3. HP: 19/19 MP: 2/6
   463 | D:2      | Learned a level 3 spell: Frozen Ramparts
   828 | D:3      | Noticed Sigmund
   978 | D:3      | Gained mutation: You occasionally shout uncontrollably at
                  | your foes. [potion of mutation]
   978 | D:3      | Lost mutation: You occasionally shout uncontrollably at
                  | your foes. [potion of mutation]
   978 | D:3      | Gained mutation: You are clumsy. (Dex -2) [potion of
                  | mutation]
   978 | D:3      | Gained mutation: You are robust. (+10% HP) [potion of
                  | mutation]
   985 | D:3      | Slain by Sigmund

Illustrated notes

Levels and vault maps discovered:
D:1:      eino_arrival_water_star, layout_rooms
D:2:      layout_basic, serial_shops, nicolae_shop_dealshenge, shop,
          nicolae_shop_real_fake_doors, basic_altar
D:3:      layout_basic, mainiacjoe_overflow_alcove_2, uniq_sigmund

Action                     || total
---------------------------++-------
  Melee: Rapier            ||    23
         Dagger            ||     3
   Cast: Freeze            ||    35
         Frozen Ramparts   ||     2
    Use: Potion            ||     4
         Scroll            ||     3
 Armour: Robe              ||    27
  Dodge: Dodged            ||    51
